 Dungeon Sprint DCSS version 0.26-a0-710-g95a0c6c400 (webtiles) character file.

Game seed: 8282196921825442035

6107 mhtbhm the Fencer (level 10, -1/104 HPs)
             Began as a Minotaur Fighter on Oct 30, 2020.
             Was a High Priest of Okawaru.
             Slain by a catoblepas (8 damage)
             ... while petrified by you
             ... in the Dungeon (Sprint IX: "|||||||||||||||||||||||||||||").
             The game lasted 00:02:07 (1007 turns).

mhtbhm the Fencer (Minotaur Fighter)                Turns: 1007, Time: 00:02:07

Health: -1/104     AC: 16    Str: 23    XL:     10   Next: 58%
Magic:  10/10      EV:  2    Int:  8    God:    Okawaru [*****.]
Gold:   12         SH:  0    Dex: 11    Spells: 9/9 levels left

rFire    . . .     SeeInvis .   a - +2 scimitar (holy)
rCold    . . .     Faith    .   c - +0 kite shield
rNeg     + + +     Spirit   .   b - +1 chain mail
rPois    ∞         Reflect  .   (helmet restricted)
rElec    .         Harm     .   (no cloak)
rCorr    .         Rampage  .   o - +0 pair of gloves
MR       .....     NoTele   +   (no boots)
Stlth    ..........             (no amulet)
HPRegen  0.27/turn              p - +2 ring of protection
MPRegen  0.12/turn              q - +3 ring of intelligence

@: petrified
A: retaliatory headbutt, horns 2
a: Heroism, Finesse, Renounce Religion


You were in the Dungeon.
You worshipped Okawaru.
Okawaru was extremely pleased with you.
You visited 1 branch You collected 12 gold pieces.

Inventory:

Hand Weapons
 a - a +2 scimitar of holy wrath (weapon)
Missiles
 u - 6 atropa-tipped darts (quivered)
Armour
 b - a +1 chain mail (worn)
 c - a +0 kite shield (worn)
 o - a +0 pair of gloves (worn)
Jewellery
 p - a +2 ring of protection (left hand)
 q - a +3 ring of intelligence (right hand)
Wands
 n - a wand of acid (7)
Scrolls
 j - 2 scrolls of blinking
 l - 5 scrolls of remove curse
 m - 2 scrolls of amnesia
 r - 2 scrolls of enchant weapon
 s - a scroll of fear
 t - a scroll of identify
Potions
 d - a potion of might
 e - 5 potions of curing
 f - 2 potions of heal wounds
 g - a potion of haste
 h - 4 potions of magic
 i - 5 potions of berserk rage
 k - a potion of invisibility


   Skills:
 + Level 14.4 Fighting
 + Level 17.9 Long Blades
 + Level 0.1 Throwing
 + Level 11.8 Armour
 + Level 5.5 Dodging
 + Level 1.0 Stealth
 + Level 13.6 Shields
 + Level 1.4 Invocations
 + Level 0.5 Evocations


You had 9 spell levels left.
You didn't know any spells.
Your spell library was empty.

Dungeon Overview and Level Annotations

Branches:
Dungeon (1/1)

Altars:
Cheibriados
Dithmenos
Elyvilon
Fedhas
Gozag
Hepliaklqana
Kikubaaqudgha
Makhleb
Nemelex Xobeh
Okawaru
Qazlal
Ru
Sif Muna
Trog
Uskayaw
Vehumet
Wu Jian
Xom
Yredelemnul
Zin
The Shining One
Beogh
Jiyva
Lugonu


Innate Abilities, Weirdness & Mutations

You reflexively headbutt those who attack you in melee.
You have a pair of horns on your head.


Message History

The yak is moderately wounded.
The bolt of acid hits the yak!
The yak is splashed with acid.
The acid corrodes the yak!
The yak is moderately wounded.
You are engulfed in calcifying dust.
The catoblepas breathes a plume of calcifying dust at you.
The blast of calcifying dust hits the catoblepas!
The blast of calcifying dust hits you but does no damage.
The catoblepas gores you but does no damage.
You have turned to stone.
You are engulfed in calcifying dust.
The catoblepas gores you!!
* * * LOW HITPOINT WARNING * * *
You are engulfed in calcifying dust.
The catoblepas barely misses you.
You are engulfed in calcifying dust.
The catoblepas breathes a plume of calcifying dust at you.
The blast of calcifying dust hits you but does no damage.
You are engulfed in calcifying dust.
The catoblepas gores you!
* * * LOW HITPOINT WARNING * * *
The catoblepas gores you!
You die...

▓▓▓▓▓▓▓▓▓▓▓▓▓▓▓▓▓▓▓▓▓▓▓▓▓▓▓▓▓▓▓
...÷÷.......§.§§@YYYY..)'YYYYY.
▓▓▓▓▓▓▓▓▓▓▓▓▓▓▓▓▓▓▓▓▓▓▓▓▓▓▓▓▓▓▓▓▓
.................................
▓▓▓▓▓▓▓▓▓▓▓▓▓▓▓▓▓▓▓▓▓▓▓▓▓▓▓▓▓▓▓▓▓
________________________'..))[[..
▓▓▓▓▓▓▓▓▓▓▓▓▓▓▓▓▓▓▓▓▓▓▓▓▓▓▓▓▓▓▓▓▓


You could see 2 catoblepae and 2 yaks.

Vanquished Creatures
  3 death yaks (D)
  An elephant (D)
  A black mamba (D)
  5 cane toads (D)
  A komodo dragon (D)
  A troll (D)
  A blink frog (D)
  3 wyverns (D)
  A yak (D)
  A basilisk (D)
  4 water moccasins (D)
  A sky beast (D)
  A wolf (D)
  A bullfrog (D)
  A wight (D)
  A hound (D)
  A jelly (D)
  3 orc wizards (D)
  A worker ant (D)
  A gnoll (D)
  A shadow imp (D)
  2 white imps (D)
  An adder skeleton (D)
  A dart slug (D)
  A leopard gecko (D)
  An orc (D)
  A hobgoblin (D)
  2 bats (D)
  A kobold (D)
44 creatures vanquished.

Notes
Turn   | Place    | Note
-------+----------+-------------------------------------------
     0 | D        | mhtbhm the Minotaur Fighter began the quest for the Orb.
     0 | D        | Reached XP level 1. HP: 19/19 MP: 0/0
    14 | D        | Reached skill level 3 in Long Blades
    40 | D        | Reached skill level 4 in Long Blades
    40 | D        | Reached XP level 2. HP: 27/28 MP: 1/1
    43 | D        | Reached skill level 5 in Shields
    46 | D        | Reached skill level 5 in Fighting
    46 | D        | Reached XP level 3. HP: 36/36 MP: 2/2
    47 | D        | Reached skill level 5 in Armour
    54 | D        | Found a roughly hewn altar of Beogh.
    54 | D        | Found a snail-covered altar of Cheibriados.
    54 | D        | Found a shadowy altar of Dithmenos.
    54 | D        | Found a white marble altar of Elyvilon.
    54 | D        | Found a blossoming altar of Fedhas.
    54 | D        | Found an opulent altar of Gozag.
    55 | D        | Found a hazy altar of Hepliaklqana.
    56 | D        | Found a viscous altar of Jiyva.
    57 | D        | Found an ancient bone altar of Kikubaaqudgha.
    58 | D        | Found a corrupted altar of Lugonu.
    59 | D        | Found a burning altar of Makhleb.
    60 | D        | Found a sparkling altar of Nemelex Xobeh.
    61 | D        | Found an iron altar of Okawaru.
    62 | D        | Found a stormy altar of Qazlal.
    63 | D        | Found a sacrificial altar of Ru.
    64 | D        | Found a shimmering blue altar of Sif Muna.
    65 | D        | Found a bloodstained altar of Trog.
    66 | D        | Found a hide-covered altar of Uskayaw.
    67 | D        | Found a radiant altar of Vehumet.
    68 | D        | Found an ornate altar of the Wu Jian Council.
    69 | D        | Found a shimmering altar of Xom.
    71 | D        | Became a worshipper of Warmaster Okawaru
    73 | D        | Found a basalt altar of Yredelemnul.
    74 | D        | Found a glowing silver altar of Zin.
    75 | D        | Found a glowing golden altar of the Shining One.
   126 | D        | Noticed a sky beast
   131 | D        | Reached skill level 5 in Long Blades
   135 | D        | Killed a sky beast
   135 | D        | Reached * piety under Okawaru
   135 | D        | Reached skill level 6 in Long Blades
   135 | D        | Reached skill level 1 in Dodging
   135 | D        | Reached XP level 4. HP: 43/47 MP: 3/3
   135 | D        | Reached XP level 5. HP: 47/52 MP: 4/4
   146 | D        | Reached skill level 7 in Long Blades
   150 | D        | Reached skill level 8 in Long Blades
   250 | D        | Noticed a troll
   250 | D        | Noticed a water moccasin
   261 | D        | Killed a troll
   261 | D        | Reached skill level 10 in Long Blades
   261 | D        | Reached XP level 6. HP: 54/63 MP: 2/5
   266 | D        | Reached ** piety under Okawaru
   266 | D        | Reached XP level 7. HP: 51/70 MP: 3/6
   273 | D        | Reached skill level 11 in Long Blades
   463 | D        | Noticed a blink frog
   463 | D        | Noticed a cane toad
   463 | D        | Noticed a cane toad
   463 | D        | Noticed a cane toad
   464 | D        | Noticed a black mamba
   470 | D        | Noticed a komodo dragon
   471 | D        | Reached skill level 10 in Fighting
   471 | D        | Reached skill level 12 in Long Blades
   475 | D        | Noticed a basilisk
   477 | D        | Killed a blink frog
   477 | D        | Reached *** piety under Okawaru
   478 | D        | Reached skill level 10 in Shields
   478 | D        | Reached XP level 8. HP: 69/80 MP: 7/7
   484 | D        | Killed a cane toad
   484 | D        | Reached skill level 13 in Long Blades
   489 | D        | Killed a cane toad
   489 | D        | Reached skill level 14 in Long Blades
   494 | D        | Killed a cane toad
   494 | D        | Reached skill level 5 in Dodging
   496 | D        | Killed a black mamba
   496 | D        | Reached **** piety under Okawaru
   496 | D        | Reached skill level 15 in Long Blades
   496 | D        | Reached XP level 9. HP: 46/90 MP: 8/8
   503 | D        | Killed a komodo dragon
   503 | D        | Reached skill level 10 in Armour
   503 | D        | Reached skill level 1 in Invocations
   846 | D        | Noticed a cane toad
   848 | D        | Noticed a cane toad
   860 | D        | Noticed an elephant
   863 | D        | Reached ***** piety under Okawaru
   863 | D        | Reached skill level 16 in Long Blades
   869 | D        | Killed a cane toad
   877 | D        | Received a gift from Okawaru
   882 | D        | Killed a cane toad
   884 | D        | Reached XP level 10. HP: 91/101 MP: 9/9
   889 | D        | Killed an elephant
   889 | D        | Reached skill level 17 in Long Blades
   928 | D        | Noticed a death yak
   928 | D        | Noticed a death yak
   928 | D        | Noticed a death yak
   929 | D        | Noticed a catoblepas
   933 | D        | Noticed a catoblepas
   934 | D        | Killed a death yak
   934 | D        | Received a gift from Okawaru
   943 | D        | Killed a death yak
   982 | D        | Killed a death yak
   982 | D        | Reached skill level 1 in Stealth
  1007 | D        | Slain by a catoblepas

Illustrated notes

Levels and vault maps discovered:
D:        linesprint [early_d, line_temple, items_1, d_10, items_2, lair_1,
          lair_end, items_3, orc_1, orc_end, items_4, d_15, swamp_1, shoals_1,
          snake_1, spider_1, d_20, vaults_1, items_5, swamp_end, shoals_end,
          snake_end, spider_end, vaults_end, d_27, items_6, zot_1, zot_end,
          crypt_end, forest_end, elf_end, slime_end, tomb_end, abyss_end,
          pan_hell_end]

Skill      XL: |  1  2  3  4  5  6  7  8  9 10 |
---------------+-------------------------------+-----
Fighting       | 4 5 7 9 10 11 13 14 | 14.4
Armour         | 4 6 8 9 10 11 | 11.8
Shields        | 4 5 7 8 9 10 11 12 13 | 13.6
Long Blades    | 4 6 10 12 15 16 17 | 17.9
Dodging        | 1 3 4 5 |  5.5
Invocations    | 1 |  1.4
Stealth        | 1 |  1.0
Throwing       | |  0.1
Evocations     | |  0.5

Action                   |  1- 3 |  4- 6 |  7- 9 | 10-12 || total
-------------------------+-------+-------+-------+-------++-------
Melee: Long sword        |    23 |       |       |       ||    23
       Headbutt          |     4 |     4 |    18 |    14 ||    40
       Scimitar          |     9 |    29 |    89 |    31 ||   158
Throw: Dart              |       |       |       |     1 ||     1
Invok: Heroism           |       |     1 |       |       ||     1
Evoke: Wand              |       |       |       |     3 ||     3
  Use: Potion            |       |       |     1 |     1 ||     2
 Stab: Petrified         |       |       |       |     1 ||     1
Armor: Scale mail        |    10 |       |       |       ||    10
       Chain mail        |     3 |     8 |    11 |    14 ||    36
Dodge: Dodged            |     3 |     7 |    14 |     7 ||    31
Block: Kite shield       |    13 |    18 |    40 |     9 ||    80
       Rpst.: Long sword |     2 |       |       |       ||     2
       Scimitar          |       |       |     3 |     3 ||     6

Table legend: (Time is in decaauts)
 A = Elapsed time spent in this place.
 B = Non-inter-level travel time spent in this place.
 C = Inter-level travel time spent in this place.
 D = Time resting spent in this place.
 E = Time spent auto-exploring this place.
 F = Levels seen in this place.
 G = Mean time per level.
                   A        B        C        D        E       F      G
               +--------+--------+--------+--------+--------+-----+--------+
         Total |    986 |    986 |      0 |    446 |    162 |   1 |  986.0 |
       Dungeon |    986 |    986 |      0 |    446 |    162 |   1 |  986.0 |
               +--------+--------+--------+--------+--------+-----+--------+

Top non-repeatable levels by time:
       D: 986 daAuts
